 Dungeon Crawl Stone Soup version 0.28.0-45-g0d030f2227 (webtiles) character file.

Game seed: 11183221491698624384

14581 mortz the Thaumaturge (level 11, -1/56 HPs)
             Began as a Deep Elf Air Elementalist on Apr 2, 2022.
             Was a Priest of Sif Muna.
             Slain by a hell hound (5 damage)
             ... led by Azrael
             ... on level 12 of the Dungeon.
             The game lasted 01:49:47 (14667 turns).

mortz the Thaumaturge (Deep Elf Air Elementalist)  Turns: 14667, Time: 01:49:48

Health: -1/56      AC: 11    Str:  5    XL:     11   Next: 90%
Magic:  16/40      EV: 12    Int: 25    God:    Sif Muna [***...]
Gold:   430        SH:  0    Dex: 15    Spells: 14/38 levels left

rFire   . . .      SeeInvis .   F - +5 scimitar (freeze) {long}
rCold   + . .      Faith    .   p - orb {light}
rNeg    + . .      Spirit   .   b - +0 troll leather armour
rPois   +          Reflect  .   o - +0 helmet of Privacy {+Inv rC+ MP+9}
rElec   .          Harm     .   J - +1 cloak {rPois}
rCorr   .          Rampage  .   a - +1 pair of gloves
Will    +....                   f - +1 pair of boots
Stlth   +.........              z - amulet of magic regeneration {@e2}
HPRegen 0.98/turn               m - ring of positive energy
MPRegen 0.67/turn               v - +4 ring of slaying

@: glowing
A: no striking features
a: Renounce Religion, Evoke Invisibility, Channel Magic, Forget Spell


You were on level 12 of the Dungeon.
You worshipped Sif Muna.
Sif Muna was most pleased with you.
You visited 2 branches of the dungeon, and saw 13 of its levels.
You also visited: Bailey.

You collected 924 gold pieces.
You spent 494 gold pieces at shops.


   Skills:
 + Level 1.0 Fighting
 + Level 3.0 Long Blades
 + Level 0.2 Maces & Flails
 + Level 2.0 Armour
 + Level 3.3 Dodging
 + Level 4.6 Stealth
 + Level 14.1 Spellcasting
 + Level 6.9 Conjurations
 + Level 5.3 Fire Magic
 * Level 4.0 Ice Magic
 + Level 11.6 Air Magic
 * Level 4.7 Invocations


You had 14 spell levels left.
You knew the following spells:

 Your Spells              Type           Power      Damage    Failure   Level
a - Shock                 Conj/Air       100%       1d9       1%          1
b - Static Discharge      Conj/Air       59%        N/A       1%          2
c - Airstrike             Air            33%        N/A       1%          4
d - Sticky Flame          Conj/Fire      48%        2d7       4%          4
e - Swiftness             Air            66%        N/A       1%          3
f - Lightning Bolt        Conj/Air       29%        1d46      3%          5
g - Freezing Cloud        Conj/Ice/Air   26%        6-21      6%          5

Your spell library contained the following spells:

 Spells                   Type           Power      Damage    Failure   Level
 Freeze                   Ice            100%       1d11      1%          1
 Ensorcelled Hibernation  Hex/Ice        54%        N/A       3%          2
 Frozen Ramparts          Ice            74%        1d9       3%          3
 Hailstorm                Conj/Ice       45%        3d10      5%          4
 Spider Form              Tmut/Pois      17%        N/A       16%         3
 Anguish                  Hex/Necr       8%         N/A       45%         4
 Dispel Undead            Necr           17%        3d10      45%         4
 Maxwell's Capacitive Co  Air            33%        ∞         96%         8
 Simulacrum               Ice/Necr       13%        N/A       98%         6
 Polar Vortex             Ice            18%        N/A       100%        9

Inventory:

Hand Weapons
 l - a +5 spear {polearm}
   (You took it off a wight on level 7 of the Dungeon)
 u - a +1 war axe of electrocution {axe}
   (You found it on level 8 of the Dungeon)
 x - a +2 dagger of holy wrath {short}
   (You took it off an orc wizard on level 4 of the Dungeon)
 F - a +5 scimitar of freezing (weapon) {long}
   (You took it off a wight on level 7 of the Dungeon)
 H - a +1 morningstar of freezing {mace}
   (You took it off a wight on level 7 of the Dungeon)
 L - a +4 spear of freezing {polearm}
   (You took it off a wight on level 8 of the Dungeon)
 M - a +2 flail of protection {mace}
   (You found it on level 8 of the Dungeon)
Missiles
 d - 462 stones {throwing}
 i - 2 throwing nets {=f!fthrowing}
 n - 69 poisoned darts {throwing}
Armour
 a - a +1 pair of gloves (worn)
   (You found it on level 3 of the Dungeon)
 b - a +0 troll leather armour (worn)
   (You found it on level 12 of the Dungeon)
 f - a +1 pair of boots (worn)
   (You found it on level 1 of the Dungeon)
 o - the +0 helmet of Privacy (worn) {+Inv rC+ MP+9}
   (You acquired it on level 10 of the Dungeon)

   rC:        It protects you from cold.
   MP:        It affects your magic capacity (+9).
   +Inv:      It lets you turn invisible.
 p - an orb of light (worn)
   (You found it on level 8 of the Dungeon)
 J - a +1 cloak of poison resistance (worn)
   (You bought it in a shop on level 8 of the Dungeon)
 N - the +3 plate armour "Jodoelew" {rN+ Will+}
   (You took it off an orc warrior in a bailey)

   rN:        It protects you from negative energy.
   Will:      It increases your willpower.
Magical Staves
 t - a staff of fire {!astaff}
   (You found it on level 4 of the Dungeon)
Jewellery
 m - a ring of positive energy (left hand)
   (You found it on level 2 of the Dungeon)
 v - a +4 ring of slaying (right hand)
   (You found it on level 9 of the Dungeon)
 z - an amulet of magic regeneration (around neck) {@e2}
   (You took it off an orc on level 4 of the Dungeon)
 Q - a ring of flight
   (You found it on level 9 of the Dungeon)
Wands
 c - a wand of flame (26)
   (You found it on level 4 of the Dungeon)
 B - a wand of mindburst (6)
   (You found it on level 5 of the Dungeon)
 K - a wand of iceblast (6)
   (You took it off Maurice on level 8 of the Dungeon)
Scrolls
 k - a scroll of fear
 w - 3 scrolls of amnesia
 G - 2 scrolls of fog
 T - 3 scrolls of teleportation {@r4}
Potions
 e - 3 potions of might
 g - 3 potions of curing {@q1}
 h - a potion of lignification {!q}
 j - a potion of berserk rage {!q}
 q - a potion of heal wounds {unknown}
 s - a potion of resistance {unknown}
 C - 2 potions of mutation {!q}
 D - a potion of cancellation {unknown}

Dungeon Overview and Level Annotations

Branches:
Dungeon (12/15)            Temple (1/1) D:7            Lair (0/6) D:8
    Orc (0/2) D:10         Bailey (visited)

Altars:
Ashenzari
Cheibriados
Dithmenos
Elyvilon
Fedhas
Gozag
Hepliaklqana
Kikubaaqudgha
Makhleb
Nemelex Xobeh
Okawaru
Qazlal
Ru
Sif Muna
Trog
Uskayaw
Vehumet
Wu Jian
Xom
Yredelemnul
Zin
The Shining One

Shops:
D:4 (   D:8 [

Annotations:
D:4 Edmund
D:7 Harold
D:8 1 runed translucent door, mortz's ghost, novice TeCj
D:9 6 transporters
D:12 Azrael

#######...................
#..†................
##........!.......).
###)##........#####
####.##.####.###
#...).#.####.####
#...[..........?.
#................
#......@.E.......
#.......hR○.†$...
####....E.○°°....
#.....☼.○°○...
#......°......
#..........[..
#.#...........
...##.....#.... #.##
###..##.##.


You could see Azrael, 2 fire elementals and a hell hound.


Message History

The troll shouts! 😎 MP[-3]
You lost 3 mp, and now have 37/40 mp.
Casting: Airstrike (safe; 1% risk of failure)
Confirm with . or Enter, or press ? or * to list all spells.
Aiming: Airstrike (safe; 1% risk of failure)
Press: ? - help, Dir - move target, f/p - troll
Aim: a troll (moderately wounded, empty space bonus: 8/8)
The air twists around and strikes the troll! 😎 MP[-4]
You lost 4 mp, and now have 33/40 mp.
Casting: Airstrike (safe; 1% risk of failure)
Confirm with . or Enter, or press ? or * to list all spells.
Aiming: Airstrike (safe; 1% risk of failure)
Press: ? - help, Dir - move target, f/p - troll
Aim: a troll (severely wounded, empty space bonus: 8/8)
The air twists around and strikes the troll!
You kill the troll!
Sif Muna accepts your kill.
The troll leather armour is intact enough to wear. 😎 MP[-3]
You lost 3 mp, and now have 30/40 mp.
Azrael the Boundless Flame comes into view.
He is wielding a +4 scimitar of flaming. 😎 MP[+3]
You regained 3 mp, and now have 33/40 mp.
Casting: Airstrike (safe; 1% risk of failure)
Confirm with . or Enter, or press ? or * to list all spells.
Aiming: Airstrike (safe; 1% risk of failure)
Press: ? - help, Dir - move target, f - Azrael
Aim: Azrael, wielding a +4 scimitar of flaming (wandering, hasn't noticed you, empty space bonus: 5/8)
The air twists around and strikes Azrael. 😎 MP[-4]
You lost 4 mp, and now have 29/40 mp.
Casting: Airstrike (safe; 1% risk of failure)
Confirm with . or Enter, or press ? or * to list all spells.
Aiming: Airstrike (safe; 1% risk of failure)
Press: ? - help, Dir - move target, f/p - Azrael
Aim: Azrael, wielding a +4 scimitar of flaming (lightly wounded, empty space bonus: 8/8)
The air twists around and strikes Azrael!! 😎 MP[-3]
You lost 3 mp, and now have 26/40 mp.
Casting: Airstrike (safe; 1% risk of failure)
Confirm with . or Enter, or press ? or * to list all spells.
Aiming: Airstrike (safe; 1% risk of failure)
Press: ? - help, Dir - move target, f/p - Azrael
Aim: Azrael, wielding a +4 scimitar of flaming (moderately wounded, empty space bonus: 8/8)
The air twists around and strikes Azrael!
You hear a bark! 😎 MP[-3]
You lost 3 mp, and now have 23/40 mp.
Casting: Airstrike (safe; 1% risk of failure)
Confirm with . or Enter, or press ? or * to list all spells.
Aiming: Airstrike (safe; 1% risk of failure)
Press: ? - help, Dir - move target, f/p - Azrael
Aim: Azrael, wielding a +4 scimitar of flaming (moderately wounded, empty space bonus: 8/8)
The air twists around and strikes Azrael! 😎 MP[-4]
You lost 4 mp, and now have 19/40 mp.
Casting: Airstrike (safe; 1% risk of failure)
Confirm with . or Enter, or press ? or * to list all spells.
Aiming: Airstrike (safe; 1% risk of failure)
Press: ? - help, Dir - move target, f/p - Azrael
Aim: Azrael, wielding a +4 scimitar of flaming (heavily wounded, haloed, empty space bonus: 8/8)
The air twists around and strikes Azrael! 😎 MP[-3]
You lost 3 mp, and now have 16/40 mp.
Casting: Airstrike (safe; 1% risk of failure)
Confirm with . or Enter, or press ? or * to list all spells.
Aiming: Airstrike (safe; 1% risk of failure)
Press: ? - help, Dir - move target, f/p - Azrael
Aim: Azrael, wielding a +4 scimitar of flaming (severely wounded, haloed, empty space bonus: 8/8)
The air twists around and strikes Azrael!
A fire elemental comes into view. 😎 MP[-3]
You lost 3 mp, and now have 13/40 mp.
Okay, then.
You hit Azrael. You freeze Azrael.
Azrael hits you with a +4 scimitar of flaming!
Azrael burns you. 😕 HP[-12]
You take 12 damage, and now have 44/56 hp.
MASSIVE DAMAGE!! (PAUSE)
You hit Azrael but do no damage.
The hell hound bites you but does no damage.
Azrael hits you but does no damage. The hell hound breathes flames at you.
The blast of flame misses you. 😕 HP[+1] MP[+1]
You hit Azrael. You freeze Azrael. The hell hound closely misses you.
Azrael hits you with a +4 scimitar of flaming!
Azrael burns you. The hell hound closely misses you. Azrael gestures at you.
The bolt of fire hits you!!
* * * LOW HITPOINT WARNING * * *
😱 HP[-43] MP[+1]
You take 43 damage, and now have 2/56 hp.
MASSIVE DAMAGE!! (PAUSE) 😱 HP[+1] MP[+1]
The hell hound bites you.
You die...

Skill      XL: |  1  2  3  4  5  6  7  8  9 10 11 |
---------------+----------------------------------+-----
Conjurations   | 2 3 4 5 6 |  6.9
Air Magic      | 4 5 6 7 9 10 11 | 11.6
Spellcasting   | 4 5 7 9 11 12 14 | 14.1
Fire Magic     | 1 2 3 5 |  5.3
Stealth        | 3 4 |  4.6
Dodging        | 3 |  3.3
Long Blades    | 3 |  3.0
Armour         | 1 2 |  2.0
Invocations    | 3 4 |  4.7
Ice Magic      | 2 4 |  4.0
Fighting       | 1 |  1.0
Maces & Flails | |  0.2

Action                   |  1- 3 |  4- 6 |  7- 9 | 10-12 || total
-------------------------+-------+-------+-------+-------++-------
Melee: Mace              |       |       |     1 |       ||     1
       Scimitar          |       |       |     2 |     6 ||     8
 Cast: Shock             |    52 |    86 |   102 |    84 ||   324
       Static Discharge  |     3 |    15 |    33 |    34 ||    85
       Airstrike         |       |       |    47 |   175 ||   222
       Sticky Flame      |       |       |     1 |       ||     1
       Lightning Bolt    |       |       |       |     2 ||     2
  Use: Scroll            |       |       |    11 |     6 ||    17
       Potion            |       |       |     1 |       ||     1
Armor: Robe              |     5 |     4 |    10 |       ||    19
       Leather armour    |       |       |     3 |    31 ||    34
       Troll leather arm |       |       |       |     2 ||     2
Dodge: Dodged            |     4 |     5 |    14 |    65 ||    88

Levels and vault maps discovered:
D:1:      minmay_arrival_radiant_lines, layout_loops_cross,
          hellmonk_ecumenical_altar_pennies_from_heaven
D:2:      cheibrodos_fertilizer, layout_basic, basic_altar
D:3:      layout_basic, kennysheep_generic_room_7, uniq_crazy_yiuf_cottage,
          uniq_terence, uniq_jessica, uniq_natasha
D:4:      cheibrodos_quashed, layout_basic, serial_shops, nicolae_diamond_shop,
          uniq_edmund
D:5:      layout_basic
D:6:      layout_loops_ring, serial_rivers, chequers_serial_rivers_micro_a,
          chequers_serial_rivers_small_3, chequers_serial_rivers_large_b,
          chequers_serial_rivers_micro_a, chequers_serial_rivers_room_b,
          chequers_serial_rivers_small_b, uniq_eustachio
D:7:      layout_layer_cave, minmay_temple_entry_butterflies, uniq_harold,
          uniq_pikel
D:8:      layout_loops_ring, david_lair_shrubbed, serial_shops,
          nicolae_shop_stone, hellmonk_ghost_big_iron, uniq_maurice
D:9:      layout_loops_ring, slow_altar_2, enter_bailey_2, special_room
          [special_room_kobold], serial_nicolae_subway,
          nicolae_sub_station_metal, nicolae_sub_station_stone,
          nicolae_sub_station_crystal
D:10:     layout_long_grid, orc_0_dummy, hangedman_decor_slide_cut, uniq_grum
D:11:     layout_cave_pools, serial_column_ruins, column_ruins_square_small,
          column_ruins_open_tiny, column_ruins_corridor_straight,
          column_ruins_corridor_straight, column_ruins_open_small,
          serial_bayou_pond_b
D:12:     layout_rooms, kennysheep_generic_room_3, uniq_azrael
Temple:   mainiacjoe_temple_starburst

Notes
Turn   | Place    | Note
-------+----------+-------------------------------------------
     0 | D:1      | mortz the Deep Elf Air Elementalist began the quest for the
                  | Orb.
     0 | D:1      | Reached XP level 1. HP: 10/10 MP: 6/6
     0 | D:1      | magus.rc [v1.9.6]
   205 | D:1      | Reached XP level 2. HP: 15/15 MP: 5/8
   273 | D:1      | Found a faded altar of an unknown god.
   277 | D:1      | Learned a level 2 spell: Static Discharge
  1036 | D:2      | Reached XP level 3. HP: 19/19 MP: 5/10
  1229 | D:2      | Found a stormy altar of Qazlal.
  1412 | D:2      | Reached skill level 2 in Conjurations
  1412 | D:2      | Reached XP level 4. HP: 24/24 MP: 5/11
  1578 | D:2      | Reached skill level 4 in Air Magic
  1715 | D:2      | Reached skill level 4 in Spellcasting
  2084 | D:3      | Noticed a sky beast
  2110 | D:3      | Noticed Terence
  2119 | D:3      | Killed Terence
  2321 | D:3      | You pick up a book of Touch and begin reading...
  2321 | D:3      | You add the spells Sticky Flame and Dispel Undead to your
                  | library.
  2329 | D:3      | Learned a level 4 spell: Airstrike
  2334 | D:3      | Learned a level 4 spell: Sticky Flame
  2361 | D:3      | Noticed Jessica
  2363 | D:3      | Killed Jessica
  2364 | D:3      | Reached XP level 5. HP: 28/28 MP: 11/14
  2635 | D:3      | Noticed a water moccasin
  2640 | D:3      | Killed a water moccasin
  2641 | D:3      | Reached skill level 5 in Spellcasting
  2641 | D:3      | Reached skill level 1 in Fire Magic
  2641 | D:3      | Reached XP level 6. HP: 22/32 MP: 6/15
  2861 | D:3      | Noticed Natasha
  2877 | D:3      | Killed Natasha
  3106 | D:4      | Reached skill level 2 in Fire Magic
  3172 | D:4      | Noticed Edmund
  3181 | D:4      | Found Fiefayph's Antique Weapon Shoppe.
  3261 | D:4      | Reached skill level 3 in Conjurations
  3499 | D:4      | Reached skill level 5 in Air Magic
  3831 | D:4      | Reached skill level 3 in Stealth
  4278 | D:5      | Entered Level 5 of the Dungeon
  4281 | D:5      | Reached XP level 7. HP: 36/36 MP: 15/17
  4328 | D:5      | You pick up a book of Dreams and begin reading...
  4328 | D:5      | You add the spells Ensorcelled Hibernation, Spider Form and
                  | Anguish to your library.
  4340 | D:5      | You pick up a book of Lightning and begin reading...
  4340 | D:5      | You add the spells Lightning Bolt and Maxwell's Capacitive
                  | Coupling to your library.
  4345 | D:5      | Learned a level 3 spell: Swiftness
  4551 | D:5      | Reached skill level 6 in Spellcasting
  4697 | D:5      | Reached skill level 7 in Spellcasting
  4697 | D:5      | Reached skill level 4 in Conjurations
  5010 | D:6      | Reached skill level 6 in Air Magic
  5169 | D:6      | Reached XP level 8. HP: 16/41 MP: 21/21
  5169 | D:6      | HP: 10/41 [poisoned by a kobold brigand (curare-tipped
                  | dart)]
  5485 | D:6      | Reached skill level 8 in Spellcasting
  5607 | D:6      | Noticed Eustachio
  5610 | D:6      | Killed Eustachio
  6335 | D:7      | Noticed Harold
  6547 | D:7      | Reached skill level 9 in Spellcasting
  6547 | D:7      | Reached skill level 7 in Air Magic
  6604 | D:7      | Reached skill level 5 in Conjurations
  6840 | D:7      | Noticed Pikel
  6844 | D:7      | Killed Pikel
  6845 | D:7      | Reached skill level 3 in Dodging
  6845 | D:7      | Reached skill level 4 in Stealth
  6845 | D:7      | Reached XP level 9. HP: 45/45 MP: 9/24
  6923 | D:7      | Reached skill level 10 in Spellcasting
  6987 | D:7      | Reached skill level 8 in Air Magic
  7032 | D:7      | magus.rc [v1.9.6]
  7032 | D:7      | magus.rc [v1.9.6]
  7081 | D:7      | Found a staircase to the Ecumenical Temple.
  7090 | Temple   | Entered the Ecumenical Temple
  7267 | Temple   | Became a worshipper of Sif Muna the Loreminder
  8025 | D:8      | Found a staircase to the Lair.
  8026 | D:8      | Noticed a komodo dragon
  8038 | D:8      | Killed a komodo dragon
  8039 | D:8      | Reached skill level 1 in Long Blades
  8039 | D:8      | Reached skill level 1 in Armour
  8195 | D:8      | Reached skill level 2 in Long Blades
  8363 | D:8      | Found a runed translucent door.
  8364 | D:8      | Noticed mortz's ghost (novice TeCj)
  8387 | D:8      | Found Kadwejedo's Antique Armour Boutique.
  8398 | D:8      | Bought an embroidered cloak for 247 gold pieces
  8416 | D:8      | Bought a pair of runed boots for 247 gold pieces
  8452 | D:8      | Noticed Maurice
  8458 | D:8      | Killed Maurice
  8459 | D:8      | Reached skill level 11 in Spellcasting
  8459 | D:8      | Reached skill level 9 in Air Magic
  8583 | D:8      | magus.rc [v1.9.6]
  8781 | D:8      | Reached * piety under Sif Muna
  8782 | D:8      | Reached skill level 3 in Long Blades
  8782 | D:8      | Reached XP level 10. HP: 50/50 MP: 19/27
  9217 | D:9      | Found a flagged portal.
  9224 | Bailey   | Entered a bailey
  9452 | Bailey   | Noticed an orc knight
  9452 | Bailey   | Noticed an orc knight
  9473 | Bailey   | Killed an orc knight
  9474 | Bailey   | Reached skill level 1 in Invocations
  9667 | Bailey   | Identified the +3 plate armour "Jodoelew" {rN+ Will+}
  9767 | Bailey   | Reached skill level 2 in Invocations
  9821 | Bailey   | Identified the +0 helmet "Jurirag" {Drain rN+ Str+3}
  9903 | Bailey   | Killed an orc knight
  9904 | Bailey   | Reached skill level 12 in Spellcasting
 10039 | D:9      | Found a snail-covered altar of Cheibriados.
 10237 | D:9      | You pick up a book of Ice and begin reading...
 10237 | D:9      | You add the spells Freezing Cloud, Simulacrum and Polar
                  | Vortex to your library.
 10244 | D:9      | Learned a level 5 spell: Lightning Bolt
 10250 | D:9      | Learned a level 5 spell: Freezing Cloud
 10258 | D:9      | Found a transporter.
 10261 | D:9      | Found a transporter.
 10283 | D:9      | Found a transporter.
 10287 | D:9      | Found a transporter.
 10328 | D:9      | Found a transporter.
 10373 | D:9      | Found a transporter.
 10469 | D:9      | Reached skill level 3 in Fire Magic
 10522 | D:9      | Noticed a sixfirhy
 10523 | D:9      | Reached skill level 3 in Invocations
 10564 | D:9      | Reached ** piety under Sif Muna
 10565 | D:9      | Reached skill level 1 in Ice Magic
 10585 | D:9      | Reached skill level 10 in Air Magic
 10716 | D:9      | Reached skill level 6 in Conjurations
 11437 | D:10     | Entered Level 10 of the Dungeon
 11443 | D:10     | Reached skill level 2 in Ice Magic
 11520 | D:10     | HP: 6/51 [troll (7)]
 11892 | D:9      | magus.rc [v1.9.6]
 11995 | D:10     | Reached XP level 11. HP: 50/55 MP: 18/29
 12363 | D:10     | Reached skill level 4 in Fire Magic
 12508 | D:10     | Noticed Grum
 12516 | D:10     | Killed Grum
 12517 | D:10     | Reached skill level 13 in Spellcasting
 12595 | D:10     | Found a staircase to the Orcish Mines.
 12818 | D:10     | Identified a scroll of acquirement
 12818 | D:10     | Acquired the +0 helmet of Privacy {+Inv rC+ MP+9}
 12960 | D:11     | Noticed a two-headed ogre
 12963 | D:11     | Killed a two-headed ogre
 13059 | D:11     | Noticed a two-headed ogre
 13072 | D:11     | Killed a two-headed ogre
 13167 | D:11     | You pick up a book of Frost and begin reading...
 13167 | D:11     | You add the spells Freeze, Frozen Ramparts and Hailstorm to
                  | your library.
 13184 | D:11     | Noticed a white ugly thing
 13199 | D:11     | Killed a white ugly thing
 13200 | D:11     | Reached skill level 1 in Fighting
 13200 | D:11     | Reached skill level 4 in Invocations
 13491 | D:11     | Reached skill level 5 in Fire Magic
 13491 | D:11     | Reached skill level 3 in Ice Magic
 13784 | D:11     | Reached *** piety under Sif Muna
 13785 | D:11     | Reached skill level 11 in Air Magic
 14095 | D:11     | Noticed a two-headed ogre
 14356 | D:11     | Killed a two-headed ogre
 14357 | D:11     | Reached skill level 2 in Armour
 14557 | D:12     | Reached skill level 4 in Ice Magic
 14624 | D:12     | Reached skill level 14 in Spellcasting
 14656 | D:12     | Noticed Azrael
 14665 | D:12     | HP: 2/56 [Azrael/bolt of fire (27)]
 14667 | D:12     | Slain by a hell hound

Vanquished Creatures
  3 two-headed ogres (D:11)
  2 orc knights (Bailey)
  Pikel (D:7)
  An ugly thing (D:11)
  A cyclops (D:11)
  Maurice (D:8)
  A gargoyle (D:12)
  A kobold demonologist (D:9)
  A komodo dragon (shapeshifter) (D:11)
  A komodo dragon (D:8)
  6 trolls
  3 wraiths
  2 wyverns
  3 fire elementals (D:12)
  Grum (D:10)
  3 yaks
  Eustachio (D:6)
  A steam dragon (D:8)
  3 vampire mosquitoes (D:11)
  2 water moccasins
  2 hell hounds (D:12)
  9 orc warriors
  A sky beast (D:8)
  4 ogres
  3 centaurs
  3 wolves (D:10)
  A phantom (D:6)
  11 kobold brigands
  A gnoll sergeant (D:8)
  3 bullfrogs
  A wyvern zombie (D:7)
  A scorpion (D:5)
  A wyvern skeleton (D:6)
  A water moccasin skeleton (D:5)
  10 killer bees
  11 wights
  2 howler monkeys (D:10)
  An electric eel (D:11)
  A bullfrog zombie (D:6)
  2 centaur zombies
  2 hounds (D:6)
  A bullfrog skeleton (D:6)
  A centaur skeleton (D:7)
  2 gnoll shamans
  2 jellies (D:2)
  An iron imp (D:9)
  Jessica (D:3)
  3 iguanas
  Natasha (D:3)
  7 orc wizards
  Terence (D:3)
  3 hound skeletons
  A howler monkey zombie (D:3)
  15 gnolls
  2 adders
  A shadow imp (D:5)
  An adder zombie (D:5)
  A dart slug (D:1)
  A worm (D:2)
  30 orcs
  7 ball pythons
  3 bats
  9 endoplasms
  2 giant cockroaches
  3 goblins
  2 hobgoblins
  6 jackals
  2 quokkas
  5 frilled lizards
  29 kobolds
  2 rats
254 creatures vanquished.

Vanquished Creatures (others)
  5 fungi (D:2)
  18 plants
  4 toadstools (D:2)
27 creatures vanquished.

Grand Total: 281 creatures vanquished

Table legend:
 A = Non-vault XP
 B = Vault XP
 C = Vault XP percentage of total XP
 D = Non-vault monster count
 E = Vault monster count
 F = Vault count percentage of total count
                 A         B        C        D         E       F
            +---------+---------+-------+---------+---------+-------
      Total |   13169 |    7661 |  36.8 |     178 |      76 |  29.9
            +---------+---------+-------+---------+---------+-------
        D:1 |      31 |       0 |   0.0 |      18 |       0 |   0.0
        D:2 |      16 |     103 |  86.6 |       9 |      15 |  62.5
        D:3 |      38 |     261 |  87.3 |       8 |       6 |  42.9
        D:4 |     280 |       0 |   0.0 |      18 |       0 |   0.0
        D:5 |     497 |       0 |   0.0 |      14 |       0 |   0.0
        D:6 |     619 |     188 |  23.3 |      14 |       1 |   6.7
        D:7 |     907 |     607 |  40.1 |      15 |       1 |   6.2
        D:8 |    1176 |     812 |  40.8 |      20 |       2 |   9.1
        D:9 |     933 |    1323 |  58.6 |      19 |      19 |  50.0
       D:10 |    2287 |     535 |  19.0 |      19 |       4 |  17.4
       D:11 |    5053 |     836 |  14.2 |      17 |       4 |  19.0
       D:12 |    1332 |     912 |  40.6 |       7 |       5 |  41.7
     Bailey |       0 |    2084 | 100.0 |       0 |      19 | 100.0
            +---------+---------+-------+---------+---------+-------

Illustrated notes

Table legend:
 A = Kills in this place as a percentage of kills in entire the game.
 B = Kills by you in this place as a percentage of kills by you in the entire game.
 C = Kills by friends in this place as a percentage of kills by friends in the entire game.
 D = Other kills in this place as a percentage of other kills in the entire game.
 E = Experience gained in this place as a percentage of experience gained in the entire game.
 F = Experience gained in this place divided by the number of levels of this place that you have seen.
                   A       B       C       D       E      F
               +-------+-------+-------+-------+-------+----------------------
         Total | 100.0 | 100.0 |   N/A |   N/A | 100.0 | 1487.9
       Dungeon |  92.5 |  92.5 |   N/A |   N/A |  90.0 | 1562.2
        Bailey |   7.5 |   7.5 |   N/A |   N/A |  10.0 | 2084.0
               +-------+-------+-------+-------+-------+----------------------

Table legend: (Time is in decaauts)
 A = Elapsed time spent in this place.
 B = Non-inter-level travel time spent in this place.
 C = Inter-level travel time spent in this place.
 D = Time resting spent in this place.
 E = Time spent auto-exploring this place.
 F = Levels seen in this place.
 G = Mean time per level.
                   A        B        C        D        E       F      G
               +--------+--------+--------+--------+--------+-----+--------+
         Total |  14733 |  14184 |    549 |   3632 |   7079 |  14 | 1052.4 |
       Dungeon |  13384 |  12871 |    513 |   3306 |   6493 |  12 | 1115.3 |
        Temple |    553 |    517 |     36 |      0 |    504 |   1 |  553.0 |
        Bailey |    794 |    794 |      0 |    326 |     82 |   1 |  794.0 |
               +--------+--------+--------+--------+--------+-----+--------+

Top non-repeatable levels by time:
     D:9: 1864 daAuts
    D:10: 1538 daAuts
     D:6: 1255 daAuts
     D:8: 1231 daAuts
     D:4: 1206 daAuts
     D:2: 1143 daAuts
     D:7: 1089 daAuts
    D:11: 1087 daAuts
     D:3: 1012 daAuts
     D:1: 914 daAuts
     D:5: 859 daAuts
  Bailey: 794 daAuts
  Temple: 553 daAuts
    D:12: 182 daAuts
